 Dungeon Sprint DCSS version 0.21.1-1-g345015f (webtiles) character file.

3024 Fang the Fighter (level 9, 0/102 HPs)
             Began as a Gargoyle Berserker on July 23, 2018.
             Was a High Priest of Trog.
             Slain by a phantasmal warrior (4 damage)
             ... in the Dungeon (Sprint VII: "The Pits").
             The game lasted 00:02:48 (1417 turns).

Fang the Fighter (Gargoyle Berserker)               Turns: 1417, Time: 00:02:49

Health: 0/102      AC:  8    Str: 29    XL:     9   Next: 85%
Magic:  9/9        EV: 16    Int: 11    God:    Trog [*****.]
Gold:   0          SH:  0    Dex: 12    Spells: 8/8 levels left

rFire    . . .     SeeInvis .   o - +2 war axe (flame)
rCold    . . .     Gourm    .   (no shield)
rNeg     + . .     Faith    .   b - +0 animal skin
rPois    ∞         Spirit   .   (no helmet)
rElec    +         Reflect  .   (no cloak)
rCorr    .         Harm     .   (no gloves)
MR       .....     NoTele   +   (no boots)
Stlth    ..........             (no amulet)
HPRegen  0.27/turn              j - +3 ring of intelligence
MPRegen  0.11/turn              q - +3 ring of dexterity

@: berserking, vulnerable, very quick
A: negative energy resistance 1, electricity resistance, unbreathing,
petrification resistance, rot immunity, AC +6
a: Berserk, Trog's Hand, Brothers in Arms, Burn Spellbooks, Renounce Religion


You were in the Dungeon.
You worshipped Trog.
Trog was extremely pleased with you.
You were hungry.

You visited 1 branch

Inventory:

Hand Weapons
 m - a +1 hand axe of chopping
 n - the +6 broad axe "Neufijog" {chop, Dex+3, unknown}
   (Trog gifted it to you in the Dungeon)

   It inflicts extra damage upon your enemies.
   It affects your dexterity (+3).
 o - a +2 war axe of flaming (weapon)
Armour
 b - a +0 animal skin (worn)
Jewellery
 j - a +3 ring of intelligence (left hand)
 q - a +3 ring of dexterity (right hand)
Scrolls
 i - a scroll of blinking
 k - 3 scrolls of remove curse
 l - a scroll of summoning
Potions
 a - 2 potions of invisibility
 d - 6 potions of curing
 e - 10 potions of heal wounds
 f - a potion of haste
 g - 4 potions of magic
 h - 4 potions of berserk rage
 p - a potion of resistance
 r - a potion of brilliance
 s - a potion of might
Comestibles
 c - 8 rations


   Skills:
 + Level 13.9 Fighting
 + Level 13.2 Axes
 + Level 5.1 Armour
 + Level 8.0 Dodging
 + Level 4.7 Stealth


You had 8 spell levels left.
You didn't know any spells.

Dungeon Overview and Level Annotations

Branches:
Dungeon (1/1)

Altars:
Cheibriados
Dithmenos
Elyvilon
Fedhas
Gozag
Hepliaklqana
Makhleb
Nemelex Xobeh
Okawaru
Qazlal
Ru
Sif Muna
Trog
Vehumet
Wu Jian
Xom
Yredelemnul
Zin
The Shining One
Beogh
Jiyva
Lugonu


Innate Abilities, Weirdness & Mutations

You are resistant to torment.
Your stone body is resilient. (AC +6)
You are immune to poison.
You resist negative energy. (rN+)
You are resistant to electric shocks. (rElec)
You can survive without breathing.
You are immune to petrification.
You are immune to rotting.


Message History

The troll barely misses you. The troll completely misses you.
The troll misses you.
The phantasmal warrior blinks!
The troll closely misses you. The troll claws you but does no damage.
The troll claws you.
You completely miss the troll.
The troll is severely wounded.
You hit the phantasmal warrior. You burn the phantasmal warrior.
The phantasmal warrior hits you!
* * * LOW HITPOINT WARNING * * *
A red film seems to cover your vision as you go berserk!
You feel yourself moving faster!
You feel mighty!
You are feeling hungry.
The troll closely misses you. The troll misses you.
The troll claws you but does no damage. The phantasmal warrior hits you!!
* * * LOW HITPOINT WARNING * * *
Your magical defenses are stripped away!
You slash the phantasmal warrior! You burn the phantasmal warrior.
The phantasmal warrior is heavily damaged.
You hit the troll. You burn the troll. The phantasmal warrior hits you.
You die...

.)##.......##†'##### ##
))##.......##......+..+
..##.......##......+..+
'###...<...##.....##..##
..##.......##...###....###
..##.......##..##........#
####.......##''#...#..#...
.. ##########...T.........
.############''#@W.#..#...
.#....#!.[[##.†##........
'#....#.![[##.T.###....###
.)....'..))##... #..##
÷#)...#..))###.W. ..+
.#....#..))# ###. ..+
############ ## ##


You could see a phantasmal warrior and a troll.

Vanquished Creatures
  A sea snake (D)
  A flayed ghost (D)
  A deep elf mage (D)
  A demonic crawler (D)
  A tyrant leech (D)
  A water moccasin (D)
  A porcupine (D)
  A sky beast (D)
  A necrophage (D)
  An ogre (D)
  A wolf (D)
  A scorpion (D)
  A crimson imp (D)
  An orc priest (D)
  A gnoll (D)
  A river rat (D)
  A white imp (D)
  2 ufetubi (D)
  An ooze (D)
  A goblin (D)
  2 quokkas (D)
  A frilled lizard (D)
  3 kobolds (D)
27 creatures vanquished.

Vanquished Creatures (collateral kills)
  An orange demon (D)
  A freezing wraith (D)
  An ice devil (D)
  A floating eye (D)
  A hound (D)
  A kobold (D)
6 creatures vanquished.

Grand Total: 33 creatures vanquished

Notes
Turn   | Place    | Note
-------+----------+-------------------------------------------
     0 | D        | Fang the Gargoyle Berserker began the quest for the Orb.
     0 | D        | Reached XP level 1. HP: 14/14 MP: 1/1
    25 | D        | Found a bloodstained altar of Trog.
    25 | D        | Found a deep blue altar of Sif Muna.
    25 | D        | Found a viscous altar of Jiyva.
    25 | D        | Found a hazy altar of Hepliaklqana.
    25 | D        | Found an opulent altar of Gozag.
    26 | D        | Found a glowing golden altar of the Shining One.
    26 | D        | Found a glowing silver altar of Zin.
    26 | D        | Found a basalt altar of Yredelemnul.
    26 | D        | Found a shimmering altar of Xom.
    26 | D        | Found an ornate altar of the Wu Jian Council.
    26 | D        | Found a sacrificial altar of Ru.
    26 | D        | Found a stormy altar of Qazlal.
    26 | D        | Found an iron altar of Okawaru.
    26 | D        | Found a sparkling altar of Nemelex Xobeh.
    26 | D        | Found a burning altar of Makhleb.
    26 | D        | Found a blossoming altar of Fedhas.
    26 | D        | Found a white marble altar of Elyvilon.
    26 | D        | Found a shadowy altar of Dithmenos.
    26 | D        | Found a snail-covered altar of Cheibriados.
    28 | D        | Found a radiant altar of Vehumet.
    28 | D        | Found a corrupted altar of Lugonu.
    28 | D        | Found a roughly hewn altar of Beogh.
    73 | D        | Reached ** piety under Trog
    73 | D        | Reached XP level 2. HP: 7/20 MP: 2/2
   311 | D        | Reached skill level 5 in Fighting
   311 | D        | Reached XP level 3. HP: 13/26 MP: 3/3
   472 | D        | Reached *** piety under Trog
   532 | D        | Noticed an ogre
   532 | D        | Noticed a scorpion
   535 | D        | Noticed a water moccasin
   544 | D        | Killed a water moccasin
   544 | D        | Reached XP level 4. HP: 35/35 MP: 4/4
   544 | D        | Reached XP level 5. HP: 39/39 MP: 5/5
   545 | D        | Reached **** piety under Trog
   549 | D        | Killed an ogre
   549 | D        | Reached skill level 1 in Stealth
   549 | D        | Reached XP level 6. HP: 46/46 MP: 6/6
   613 | D        | Noticed a sky beast
   621 | D        | Killed a sky beast
   621 | D        | Reached skill level 10 in Fighting
   696 | D        | Reached ***** piety under Trog
   829 | D        | Noticed a sea snake
   840 | D        | Killed a sea snake
   840 | D        | Reached skill level 10 in Axes
   840 | D        | Reached skill level 5 in Dodging
   840 | D        | Reached XP level 7. HP: 47/55 MP: 7/7
   840 | D        | Reached XP level 8. HP: 52/60 MP: 8/8
   960 | D        | Reached skill level 5 in Armour
  1055 | D        | Noticed a deep elf mage
  1061 | D        | Received a gift from Trog
  1064 | D        | Killed a deep elf mage
  1064 | D        | Reached XP level 9. HP: 67/67 MP: 9/9
  1213 | D        | Noticed a flayed ghost
  1213 | D        | Noticed a demonic crawler
  1221 | D        | Killed a demonic crawler
  1222 | D        | Killed a flayed ghost
  1373 | D        | Noticed an orange demon
  1374 | D        | Noticed a freezing wraith
  1375 | D        | Noticed an ice devil
  1376 | D        | Noticed a tyrant leech
  1380 | D        | Killed a freezing wraith
  1381 | D        | Paralysed by a floating eye for 2 turns
  1387 | D        | Killed an ice devil
  1387 | D        | Received a gift from Trog
  1392 | D        | Killed a tyrant leech
  1393 | D        | Killed an orange demon
  1394 | D        | Got a brightly glowing broad axe {god gift}
  1403 | D        | Noticed a troll
  1406 | D        | Noticed a phantasmal warrior
  1416 | D        | HP: 4/102 [phantasmal warrior (27)]
  1417 | D        | Slain by a phantasmal warrior

Skill      XL: |  1  2  3  4  5  6  7  8  9 |
---------------+----------------------------+-----
Fighting       | 4 5 7 9 11 12 13 | 13.9
Axes           | 3 4 6 7 10 11 13 | 13.2
Dodging        | 2 3 4 5 6 8 |  8.0
Armour         | 3 4 5 |  5.1
Stealth        | 1 2 3 4 |  4.7

Action                   |  1- 3 |  4- 6 |  7- 9 || total
-------------------------+-------+-------+-------++-------
Melee: Hand axe          |    31 |    37 |    26 ||    94
       War axe           |       |       |    10 ||    10
Invok: Berserk           |     2 |     1 |     3 ||     6
       Brothers in Arms  |       |       |     2 ||     2
  Eat: Chunk             |       |     1 |     3 ||     4
       Ration            |       |       |     1 ||     1
Armor: Animal skin       |    11 |     2 |     7 ||    20
Dodge: Dodged            |    33 |    13 |    33 ||    79
